 Dungeon Crawl Stone Soup version 0.30-a0-451-ge042605de7 (webtiles) character file.

Game seed: 6938996307474290618

4806 experimilk the Geomancer (level 10, -4/69 HPs)
             Began as a Green Draconian Earth Elementalist on Dec 11, 2022.
             Was a Follower of Sif Muna.
             Shot with a bolt by an orc warrior (7 damage)
             ... in a bailey.
             The game lasted 00:26:57 (12791 turns).

experimilk the Geomancer (DrEE)                    Turns: 12791, Time: 00:26:57

Health: -4/69      AC: 12    Str: 10    XL:     10   Next: 24%
Magic:  17/17      EV: 11    Int: 27    God:    Sif Muna [*.....]
Gold:   147        SH:  3    Dex: 11    Spells: 9/19 levels left

rFire   . . .      SeeInvis +    L - +4 scimitar (flame)
rCold   . . .      Faith    .    F - +0 buckler
rNeg    . . .      Spirit   .    (body armour unavailable)
rPois   +          Reflect  .    (helmet restricted)
rElec   .          Harm     .    v - +1 cloak
rCorr   .          Rampage  .    i - +2 pair of gloves
Will    .....                    (no boots)
Stlth   ++........               (no amulet)
HPRegen 0.31/turn                b - +6 ring of intelligence
MPRegen 0.15/turn                s - ring of see invisible

@: no status effects
A: breathe noxious fumes, AC +7, unfitting armour, poison resistance,
cold-blooded
a: Breathe Noxious Fumes, Renounce Religion, Channel Magic


You were in a bailey.
You worshipped Sif Muna.
Sif Muna was aware of your devotion.
You visited 1 branch of the dungeon, and saw 9 of its levels.
You also visited: Bailey.

You collected 308 gold pieces.
You spent 161 gold pieces at shops.

Inventory:

Hand Weapons
 L - a +4 scimitar of flaming (weapon)
Missiles
 o - 5 throwing nets
Armour
 i - a +2 pair of gloves (worn)
 p - a +0 kite shield
 v - a +1 cloak (worn)
 F - a +0 buckler (worn)
Jewellery
 b - a +6 ring of intelligence (left hand)
 e - a ring of fire
 s - a ring of see invisible (right hand)
 E - a +4 ring of protection
Wands
 a - a wand of roots (9)
Scrolls
 d - a scroll of silence
 j - 2 scrolls of vulnerability
 m - a scroll of immolation
 y - a scroll of blinking
 A - 2 scrolls of amnesia
 D - a scroll of fear
 I - a scroll of enchant weapon {unknown}
 K - 2 scrolls of noise {unknown}
Potions
 c - a potion of curing
 f - a potion of brilliance {unknown}
 g - a potion of attraction {unknown}
 h - 2 potions of haste {unknown}
 k - a potion of cancellation {unknown}
 l - 3 potions of mutation
 n - 2 potions of heal wounds {unknown}
 r - 2 potions of lignification {unknown}
 u - 5 potions of flight
 B - a potion of might
 G - 2 potions of ambrosia {unknown}
 H - 2 potions of resistance {unknown}


   Skills:
 - Level 1.7 Dodging
 - Level 1.7 Stealth
 + Level 5.2 Spellcasting
 - Level 3.0 Conjurations
 - Level 1.0 Transmutations
 * Level 13.6 Earth Magic
 + Level 3.0 Invocations


You had 9 spell levels left.
You knew the following spells:

 Your Spells              Type           Power      Damage    Failure   Level
a - Petrify               Tmut/Erth      46%        N/A       4%          4
q - Passwall              Tmut/Erth      38%        N/A       1%          2
v - Sandblast             Erth           100%       2d20      1%          1
z - Stone Arrow           Conj/Erth      100%       3d13      1%          3

Your spell library contained the following spells:

 Spells                   Type           Power      Damage    Failure   Level
 Necrotise                Necr           28%        1d5       10%         1
 Spider Form              Tmut/Pois      9%         N/A       24%         3
 Gell's Gravitas          Tloc           7%         N/A       28%         3
 Kindle Blastsparks       Fire/Tloc/Air  14%        2d11      28%         3
 Lesser Beckoning         Tloc           14%        N/A       28%         3
 Portal Projectile        Hex/Tloc       14%        N/A       28%         3
 Teleport Other           Tloc           7%         N/A       28%         3
 Tukima's Dance           Hex            7%         N/A       28%         3
 Vampiric Draining        Necr           7%         2d6       28%         3
 Blade Hands              Tmut           6%         N/A       87%         5
 Agony                    Necr           7%         N/A       95%         5
 Ignition                 Fire           3%         3d4       100%        8


Dungeon Overview and Level Annotations

Branches:
Dungeon (9/15)             Temple (0/1) D:7            Lair (0/5) D:9
 Bailey (1/1)
    Orc: D:9-12

Altars:
Fedhas
Gozag
Sif Muna
Trog
Vehumet

Shops:
D:5 [   D:6 (?(   D:7 [

Annotations:
D:3 2 transporters, thurberlil's ghost, amateur HuFi


Innate Abilities, Weirdness & Mutations

You can breathe blasts of noxious fumes.
Your lurid green scales are hard. (AC +7)
You cannot fit into any form of body armour.
Your system is resistant to poisons. (rPois)
You are cold-blooded and may be slowed by cold attacks.


Message History

The bolt barely misses you.
The orc warrior shoots a bolt.
The bolt barely misses you.
The orc shoots a bolt.
The bolt barely misses you.
The orc shoots a bolt.
The bolt closely misses you.
The orc warrior shoots a bolt.
The bolt barely misses you.
The orc shoots a bolt.
The bolt misses you.
As you read the scroll of fog, it crumbles to dust.
The scroll dissolves into smoke.
The orc shoots a bolt.
The bolt barely misses you.
The orc shoots a bolt.
The bolt completely misses you.
The orc warrior shoots a bolt.
The bolt misses you.
The orc shoots a bolt.
The bolt closely misses you.
An orc comes into view. It is wielding a +0 arbalest.
The orc shouts!
You completely miss the orc.
The orc unwields a +0 arbalest.
The orc hits you but does no damage.
The orc warrior shoots a bolt.
The bolt hits you!
Unknown command.
You hit the orc. You burn the orc. You tail-slap the orc.
You kill the orc!
Sif Muna accepts your kill.
The orc shoots a bolt.
The bolt barely misses you.
The orc warrior shoots a bolt.
The bolt closely misses you.
The orc shoots a bolt.
The bolt hits you!
* * * LOW HITPOINT WARNING * * *
The orc shoots a bolt.
The bolt closely misses you.
Found a gate leading back out of this place.
The orc shoots a bolt.
The bolt closely misses you.
The orc shoots a bolt.
The bolt misses you.
The orc warrior shoots a bolt.
The bolt barely misses you.
The orc shoots a bolt.
The bolt closely misses you.
The orc shoots a bolt.
The bolt hits you but does no damage.
The orc shoots a bolt.
The bolt closely misses you.
The orc warrior shoots a bolt.
The bolt completely misses you.
The orc shoots a bolt.
You block the bolt.
The orc warrior shoots a bolt.
The bolt hits you.
* * * LOW HITPOINT WARNING * * *
The orc shoots a bolt.
The bolt barely misses you.
The orc warrior shoots a bolt.
The bolt hits you!
* * * LOW HITPOINT WARNING * * *
The orc shoots a bolt.
The bolt barely misses you.
The orc warrior shoots a bolt.
The bolt hits you!
You die...

#∩.##≈.....#
....#≈.oo..#
##.##≈o....#
≈###≈≈.....#
≈≈≈≈≈......#
...........#
...........#
.........∩.#
.........@∩#
############


You could see an orc warrior and 2 orcs.

Vanquished Creatures
  Erica (D:8)
  4 rime drakes (D:8)
  A wyvern (D:5)
  4 vampire mosquitoes
  An ice beast (D:6)
  An ogre (D:6)
  2 centaurs
  4 phantoms
  A necrophage (D:8)
  A gnoll sergeant (D:5)
  3 scorpions
  A bullfrog (D:7)
  6 wights
  6 killer bees
  7 orc priests
  A jelly (D:8)
  3 hounds
  A gnoll bouda (D:5)
  9 orc wizards
  17 gnolls
  7 adders
  A shadow imp (D:7)
  4 worms
  34 orcs
  6 ball pythons
  4 endoplasms
  2 giant cockroaches
  11 goblins
  8 hobgoblins
  10 jackals
  3 kobolds
  5 quokkas
  3 bats
  2 frilled lizards (D:3)
  5 rats
179 creatures vanquished.

Vanquished Creatures (others)
  A plant (D:8)
1 creature vanquished.

Grand Total: 180 creatures vanquished

Notes
Turn   | Place    | Note
-------+----------+-------------------------------------------
     0 | D:1      | experimilk the Draconian Earth Elementalist began the quest
                  | for the Orb.
     0 | D:1      | Reached XP level 1. HP: 14/14 MP: 3/3
   340 | D:1      | Reached XP level 2. HP: 18/20 MP: 3/5
   343 | D:1      | Learned a level 2 spell: Passwall
   452 | D:1      | Reached skill level 4 in Earth Magic
   773 | D:1      | Reached XP level 3. HP: 26/26 MP: 2/6
   815 | D:1      | Learned a level 3 spell: Stone Arrow
  1783 | D:3      | Reached skill level 5 in Earth Magic
  1783 | D:3      | Reached XP level 4. HP: 33/33 MP: 2/7
  2420 | D:3      | Reached XP level 5. HP: 34/38 MP: 4/8
  2425 | D:3      | Reached skill level 6 in Earth Magic
  2577 | D:3      | Found a transporter.
  2577 | D:3      | Noticed an ogre
  2578 | D:3      | Noticed thurberlil's ghost (amateur HuFi)
  2578 | D:3      | Noticed an ogre
  2578 | D:3      | Noticed an ogre
  2579 | D:3      | Found a transporter.
  3429 | D:4      | Reached skill level 7 in Earth Magic
  3429 | D:4      | Reached XP level 6. HP: 45/45 MP: 1/9
  3799 | D:4      | Got the Secrets of the Sweltering Figure
  4294 | D:5      | Entered Level 5 of the Dungeon
  4294 | D:5      | Found Xyejeef's Antique Armour Shop.
  4595 | D:5      | Reached skill level 8 in Earth Magic
  4671 | D:5      | Your scales start taking on a lurid green colour.
  4671 | D:5      | Reached XP level 7. HP: 50/50 MP: 3/10
  4671 | D:5      | Gained mutation: Your system is resistant to poisons.
                  | (rPois) [Green Draconian growth]
  5814 | D:5      | Found a shimmering blue altar of Sif Muna.
  6029 | D:5      | Reached skill level 9 in Earth Magic
  6463 | D:5      | Reached skill level 1 in Conjurations
  6929 | D:5      | Reached XP level 8. HP: 57/57 MP: 4/11
  7162 | D:5      | Became a worshipper of Sif Muna the Loreminder
  7785 | D:5      | Reached skill level 10 in Earth Magic
  7855 | D:5      | Learned a level 4 spell: Petrify
  8974 | D:6      | Reached skill level 11 in Earth Magic
  9300 | D:6      | Reached * piety under Sif Muna
  9492 | D:6      | Found Ilomn's Magic Scroll Shoppe.
  9499 | D:6      | Bought a scroll of magic mapping for 105 gold pieces
  9499 | D:6      | Bought a scroll of fear for 56 gold pieces
  9556 | D:6      | Found Wearuq's Weapon Emporium.
  9793 | D:6      | Reached XP level 9. HP: 62/62 MP: 6/13
  9869 | D:6      | Found Tuan's Weapon Boutique.
 10006 | D:7      | Found a staircase to the Ecumenical Temple.
 10075 | D:7      | Found a blossoming altar of Fedhas.
 10876 | D:7      | Found Nefetsib's Armour Boutique.
 11029 | D:8      | Reached skill level 12 in Earth Magic
 11074 | D:8      | Noticed a rime drake
 11075 | D:8      | Noticed a rime drake
 11279 | D:8      | Noticed Erica
 11333 | D:8      | Killed Erica
 11694 | D:8      | Found a radiant altar of Vehumet.
 11694 | D:8      | Found a bloodstained altar of Trog.
 11699 | D:8      | Found an opulent altar of Gozag.
 11718 | D:8      | Noticed a rime drake
 11719 | D:8      | Noticed a rime drake
 11719 | D:8      | Found the +4 skin of Zhor {*Englaciate rC+++ SInv}
 11827 | D:7      | Reached skill level 13 in Earth Magic
 12352 | D:8      | Killed a rime drake
 12353 | D:8      | Reached XP level 10. HP: 69/69 MP: 9/17
 12367 | D:8      | Reached skill level 5 in Spellcasting
 12650 | D:9      | Found a flagged portal.
 12671 | Bailey   | Entered a bailey
 12787 | Bailey   | HP: 2/69 [orc warrior/bolt (16)]
 12791 | Bailey   | Shot with a bolt by an orc warrior

Illustrated notes

Levels and vault maps discovered:
D:1:      saegor_arrival_fortress, layout_basic, minmay_misc_feat_columns,
          serial_bayou_pond_e, hex_medium
D:2:      layout_basic
D:3:      layout_loops_corners, gammafunk_ghost_smash, serial_park_tiny_pond
D:4:      layout_rooms
D:5:      layout_cave_pods, mainiacjoe_overflow_alcove_1, serial_shops,
          nicolae_stop_n_shop_2, chequers_avenue
D:6:      layout_cave_pools, serial_shops, nicolae_shop_bloodbath_and_beyond,
          kennysheep_little_box, kennysheep_mini_moat
D:7:      layout_basic, lemuel_doored_altar, minmay_temple_entry_antechambers,
          serial_shops, shop, kennysheep_generic_room_13
D:8:      layout_cave_pools, gammafunk_temple_overflow_forgotten,
          hellmonk_guarded_unrand_zhor, uniq_erica
D:9:      layout_long_grid, mainiacjoe_overflow_surrounded_room,
          jmf_multi_god_temple, nicolae_hepliaklqana_hazy_memory,
          lair_entry_dummy, enter_bailey_5
Bailey:   bailey_polearm_2, bailey

Skill      XL: |  1  2  3  4  5  6  7  8  9 10 |
---------------+-------------------------------+-----
Earth Magic    | 4 5 7 8 9 11 13 | 13.6
Conjurations   | 1 3 |  3.0
Spellcasting   | 3 4 5 |  5.2
Invocations    | 3 |  3.0
Dodging        | |  1.7
Stealth        | |  1.7
Transmutations | |  1.0

Action                   |  1- 3 |  4- 6 |  7- 9 | 10-12 || total
-------------------------+-------+-------+-------+-------++-------
Melee: Unarmed           |    31 |       |       |       ||    31
       Tailslap          |     3 |     3 |     7 |     1 ||    14
       Punch             |     1 |     1 |       |       ||     2
       Hand axe          |       |    30 |     8 |       ||    38
       Whip              |       |       |    27 |       ||    27
       Scimitar          |       |       |    10 |    15 ||    25
 Cast: Sandblast         |    56 |    41 |     7 |       ||   104
       Stone Arrow       |       |    28 |   125 |     9 ||   162
 Abil: Breathe Noxious F |       |       |     7 |       ||     7
  Use: Potion            |     1 |     2 |     1 |     1 ||     5
       Scroll            |     1 |     5 |     6 |     2 ||    14
 Stab: Confused          |       |       |     1 |       ||     1
Armor: Skin              |    22 |    20 |    63 |    17 ||   122
Dodge: Dodged            |    39 |    38 |    84 |    34 ||   195
Block: Buckler           |       |       |     4 |     5 ||     9

Table legend: (Time is in decaauts)
 A = Elapsed time spent in this place.
 B = Non-inter-level travel time spent in this place.
 C = Inter-level travel time spent in this place.
 D = Time resting spent in this place.
 E = Time spent auto-exploring this place.
 F = Levels seen in this place.
 G = Mean time per level.
                   A        B        C        D        E       F      G
               +--------+--------+--------+--------+--------+-----+--------+
         Total |  12883 |  12381 |    502 |   5273 |   5732 |  10 | 1288.3 |
       Dungeon |  12763 |  12261 |    502 |   5192 |   5732 |   9 | 1418.1 |
        Bailey |    120 |    120 |      0 |     81 |      0 |   1 |  120.0 |
               +--------+--------+--------+--------+--------+-----+--------+

Top non-repeatable levels by time:
     D:5: 3127 daAuts
     D:4: 2863 daAuts
     D:7: 1456 daAuts
     D:3: 1400 daAuts
     D:8: 1221 daAuts
     D:1: 1012 daAuts
     D:6: 873 daAuts
     D:2: 775 daAuts
  Bailey: 120 daAuts
     D:9: 32 daAuts
